 Dungeon Crawl Stone Soup version 0.26-a0-6-g448add79b7 (webtiles) character file.

Game seed: 3985381364851290511, levelgen mode: classic

77 EnegeticOcto the Vexing (level 4, -1/30 HPs)
             Began as an Octopode Arcane Marksman on May 24, 2020.
             Was an Initiate of Cheibriados.
             Slain by Ijyb (2 damage)
             ... on level 3 of the Dungeon.
             The game lasted 00:04:47 (2066 turns).

EnegeticOcto the Vexing (Octopode Arcane Marksman)  Turns: 2066, Time: 00:04:48

Health: -1/30      AC:  1    Str:  9 (10) XL:     4   Next: 33%
Magic:  5/5        EV: 13    Int: 15 (16) God:    Cheibriados [......]
Gold:   88         SH:  4    Dex: 13 (14) Spells: 2/5 levels left

rFire    . . .     SeeInvis .   b - +0 dagger (venom)
rCold    . . .     Gourm    .   p - +0 buckler
rNeg     . . .     Faith    .   (helmet restricted)
rPois    .         Spirit   .   (no amulet)
rElec    .         Reflect  .   (no ring)
rCorr    .         Harm     .   (no ring)
MR       .....                  (no ring)
Stlth    +++.......             (no ring)
HPRegen  0.10/turn              (no ring)
MPRegen  0.09/turn              (no ring)
                                (no ring)
                                (no ring)

@: stab, very slow
A: almost no armour, stealthy swim, amphibious, 8 rings, constrict 8, camouflage
1, gelatinous body 1
a: Bend Time, Renounce Religion


You were on level 3 of the Dungeon.
You worshipped Cheibriados.
Cheibriados was noncommittal.
You were not hungry.

You visited 1 branch of the dungeon, and saw 3 of its levels.

You collected 88 gold pieces.

Inventory:

Hand Weapons
 a - a +1 hunting sling
 b - a +0 dagger of venom (weapon)
Missiles
 c - 71 sling bullets
 f - 41 stones (quivered)
 s - 5 boomerangs
Armour
 p - a +0 buckler (worn)
Scrolls
 d - 7 scrolls of identify {unknown}
 h - a scroll of blinking {unknown}
 i - a scroll of fog {unknown}
 j - a scroll of remove curse {unknown}
 l - a scroll of random uselessness {unknown}
 n - a scroll of immolation {unknown}
 o - a scroll of enchant armour {unknown}
 q - a scroll of teleportation {unknown}
Potions
 k - a potion of degeneration
 m - a potion of stabbing {@q5 !q}
Comestibles
 e - 7 rations
 r - 3 chunks of flesh


   Skills:
 - Level 2.4 Fighting
 + Level 2.0 Slings
 - Level 2.0 Dodging
 - Level 3.0 Stealth
 + Level 2.0 Shields
 - Level 1.0 Spellcasting
 - Level 3.0 Hexes


You had 2 spell levels left.
You knew the following spells:

 Your Spells              Type           Power        Failure   Level  Hunger
a - Corona                Hex            #......      9%          1    ##.....
b - Slow                  Hex            #.......     14%         2    ###....

Your spell library contained the following spells:

 Spells                   Type           Power        Failure   Level  Hunger
 Inner Flame              Hex/Fire       #.......     45%         3    ####...
 Portal Projectile        Hex/Tloc       #.....       45%         3    ####...
 Cause Fear               Hex            #.........   65%         4    #####..
 Leda's Liquefaction      Hex/Erth       #.........   86%         4    #####..


Dungeon Overview and Level Annotations

Branches:
Dungeon (3/15)

Altars:
Cheibriados
Dithmenos
Trog

Annotations:
D:3 Ijyb


Innate Abilities, Weirdness & Mutations

You cannot wear most types of armour.
You are very stealthy in the water. (Stealth+)
You are amphibious.
You can wear up to eight rings at the same time.
You can use your tentacles to constrict eight enemies at once.
Your skin changes colour to match your surroundings (Stealth+).
Your rubbery body absorbs attacks. (AC +1, EV +1)


Message History

A frilled lizard comes into view.
The frilled lizard moves out of view.
You see here 5 boomerangs.
s - 5 boomerangs The frilled lizard hisses angrily.
Firing (i - inventory. (/) - cycle)
f - 46 stones (quivered)
Press: ? - help, Shift-Dir - straight line, f - frilled lizard
Aim: a frilled lizard You shoot a stone.
The stone closely misses the frilled lizard.
Firing (i - inventory. (/) - cycle)
f - 45 stones (quivered)
Press: ? - help, Shift-Dir - straight line, f/p - frilled lizard
Aim: a frilled lizard You shoot a stone.
The stone closely misses the frilled lizard.
You block the frilled lizard's attack.
Firing (i - inventory. (/) - cycle)
f - 44 stones (quivered)
Press: ? - help, Shift-Dir - straight line, f/p - frilled lizard
Aim: a frilled lizard You shoot a stone.
The stone barely misses the frilled lizard.
The frilled lizard completely misses you.
Firing (i - inventory. (/) - cycle)
f - 43 stones (quivered)
Press: ? - help, Shift-Dir - straight line, f/p - frilled lizard
Aim: a frilled lizard You shoot a stone.
The stone barely misses the frilled lizard.
The frilled lizard bites you.
Firing (i - inventory. (/) - cycle)
f - 42 stones (quivered)
Press: ? - help, Shift-Dir - straight line, f/p - frilled lizard
Aim: a frilled lizard You shoot a stone.
The stone barely misses the frilled lizard.
The frilled lizard bites you.
Firing (i - inventory. (/) - cycle)
f - 41 stones (quivered)
Press: ? - help, Shift-Dir - straight line, f/p - frilled lizard
Aim: a frilled lizard You shoot a stone.
The stone hits the frilled lizard.
You kill the frilled lizard!
Cheibriados appreciates the change of pace.
No target in view!
f - 41 stones (gained 1) Eating one of 5 chunks of flesh.
You eat one of the 5 chunks of flesh.
This raw flesh tastes terrible.
Some of the chunks of flesh in your inventory have rotted away.
A kobold comes into view. It is quivering 2 curare-tipped darts.
You see here 4 stones.
Your +0 dagger of venom begins to drip with poison!
b - a +0 dagger of venom (weapon)
Ijyb the Twisted Goblin comes into view.
She is carrying a wand of flame (12).
The kobold shouts!
You hear a shout! x2
The kobold misses you.
You hit the kobold.
The kobold is poisoned.
Your grab misses the kobold. Your squeeze misses the kobold.
The kobold is heavily wounded.
You kill the kobold!
Cheibriados appreciates the change of pace.
An orc comes into view.
Casting: Slow (safe; 13% risk of failure)
Confirm with . or Enter, or press ? or * to list all spells.
Aiming: Slow (safe; 13% risk of failure)
Press: ? - help, Shift-Dir - straight line, f - Ijyb
Aim: Ijyb, wearing a +0 leather armour and carrying a wand of flame (12) (chance to defeat MR: 54%)
Okay, then.
An orc comes into view. It is wielding a +0 mace.
The orc throws a boomerang.
The boomerang hits you.
The weapon returns to the orc!
Ijyb zaps a wand.
The puff of flame hits you!
The orc throws a boomerang.
The boomerang closely misses you.
The weapon returns to the orc!
The orc throws a boomerang.
You block the boomerang.
The weapon returns to the orc!
Ijyb zaps a wand.
The puff of flame hits you!
* * * LOW HITPOINT WARNING * * *
Found 19 stones.
Things that are here:
2 curare-tipped darts; a kobold corpse It was a potion of stabbing.
You feel ready to backstab.
The orc throws a boomerang.
The boomerang completely misses you.
The weapon returns to the orc!
The orc throws a boomerang.
The boomerang barely misses you.
The weapon returns to the orc!
It was a potion of degeneration.
There was something very wrong with that liquid.
You feel weakened.
You feel dopey.
You feel clumsy.
The orc throws a boomerang.
The boomerang barely misses you.
The weapon returns to the orc!
The orc throws a boomerang.
The boomerang misses you.
The weapon returns to the orc!
You closely miss Ijyb. Your grab misses Ijyb.
The orc throws a boomerang.
The boomerang barely misses you.
The weapon returns to the orc!
Ijyb zaps a wand.
The puff of flame hits you.
* * * LOW HITPOINT WARNING * * *
The orc throws a boomerang.
The boomerang closely misses you.
The weapon returns to the orc!
Okay, then.
As you read the scroll labeled ROTUWNE IS WORGH, it crumbles to dust.
It is a scroll of enchant weapon.
Your +0 hunting sling glows red for a moment.
The orc throws a boomerang.
The boomerang hits you.
* * * LOW HITPOINT WARNING * * *
The weapon returns to the orc!
Ijyb hits you.
You die...

#. .... #.# .(o. #.#
..... #.# ..... #.#
......#.#
......#.######### .#
.......g....(>..###.#
######@#.##........#
#.#.....#..#!.#
#.#.#..#..#...#
#.#...........#
#.#....#......#
#.#.....#.....####
o.................
..#...#.##...######
#..#.#..##...รท.....


You could see Ijyb and 2 orcs.

Vanquished Creatures
  3 adders
  An ooze (D:2)
  2 dart slugs (D:2)
  3 leopard geckos
  2 giant cockroaches
  5 goblins
  3 hobgoblins
  4 jackals
  4 kobolds
  A ball python (D:2)
  2 bats (D:2)
  2 frilled lizards (D:3)
  6 rats
38 creatures vanquished.

Notes
Turn   | Place    | Note
-------+----------+-------------------------------------------
     0 | D:1      | EnegeticOcto the Octopode Arcane Marksman began the quest
                  | for the Orb.
     0 | D:1      | Reached XP level 1. HP: 13/13 MP: 2/2
    43 | D:1      | Reached skill level 1 in Stealth
   158 | D:1      | Reached skill level 2 in Stealth
   162 | D:1      | Reached XP level 2. HP: 18/18 MP: 3/3
   606 | D:1      | Learned a level 2 spell: Slow
   640 | D:2      | Reached skill level 3 in Stealth
   893 | D:2      | Found a shadowy altar of Dithmenos.
   943 | D:2      | Reached XP level 3. HP: 24/24 MP: 4/4
   946 | D:2      | Found a snail-covered altar of Cheibriados.
   961 | D:2      | Became a worshipper of Cheibriados the Contemplative
   988 | D:2      | Reached skill level 2 in Fighting
  1036 | D:2      | Found a faded altar of an unknown god.
  1394 | D:2      | Found a bloodstained altar of Trog.
  1612 | D:2      | Reached skill level 1 in Shields
  1836 | D:3      | Reached XP level 4. HP: 19/30 MP: 2/5
  1988 | D:3      | Reached skill level 2 in Shields
  2060 | D:3      | Noticed Ijyb
  2066 | D:3      | HP: 1/30 [orc/boomerang (1)]
  2066 | D:3      | Slain by Ijyb

Illustrated notes

Levels and vault maps discovered:
D:1:      saegor_arrival_simple_a, layout_loops_ring
D:2:      layout_basic, grunt_dithmenos_smoke, bloody_trog,
          kennysheep_slug_shrine, chequers_ecumenical_altar_grove,
          eino_curves_04
D:3:      layout_basic, hangedman_abyss_or_decor_lesser_grid, uniq_ijyb

Skill      XL: |  1  2  3  4 |
---------------+-------------+-----
Stealth        | 2 3 |  3.0
Fighting       | 2 |  2.4
Shields        | 1 2 |  2.0
Slings         | |  2.0
Dodging        | |  2.0
Spellcasting   | |  1.0
Hexes          | |  3.0

Action                   |  1- 3 |  4- 6 || total
-------------------------+-------+-------++-------
Melee: Short sword       |    28 |       ||    28
       Constrict         |     8 |     2 ||    10
       Tentacles         |     6 |     2 ||     8
       Dagger            |     3 |     9 ||    12
 Fire: Hunting sling     |    87 |    10 ||    97
 Cast: Slow              |     6 |     1 ||     7
  Use: Potion            |       |     2 ||     2
       Scroll            |       |     1 ||     1
  Eat: Chunk             |     4 |     1 ||     5
Armor: Skin              |     6 |       ||     6
Dodge: Dodged            |    46 |    13 ||    59
Block: Buckler           |     5 |     2 ||     7

Table legend:
 A = Non-vault XP
 B = Vault XP
 C = Vault XP percentage of total XP
 D = Non-vault monster count
 E = Vault monster count
 F = Vault count percentage of total count
                 A         B        C        D         E       F
            +---------+---------+-------+---------+---------+-------
      Total |     106 |       4 |   3.6 |      37 |       1 |   2.6
            +---------+---------+-------+---------+---------+-------
        D:1 |      20 |       0 |   0.0 |      12 |       0 |   0.0
        D:2 |      48 |       4 |   7.7 |      17 |       1 |   5.6
        D:3 |      38 |       0 |   0.0 |       8 |       0 |   0.0
            +---------+---------+-------+---------+---------+-------
